 Dungeon Crawl Stone Soup version 0.24-a0-458-gfcb5e6da0e (webtiles) character file.

Game seed: 5332760183044066069

4415 Mrkan the Cleaver (level 10, -4/136 HPs)
             Began as a Hill Orc Fighter on June 27, 2019.
             Was a Follower of Makhleb.
             Slain by a death yak (11 damage)
             ... on level 8 of the Dungeon.
             The game lasted 00:16:58 (7055 turns).

Mrkan the Cleaver (Hill Orc Fighter)                Turns: 7055, Time: 00:16:58

Health: -4/136     AC: 25    Str: 23    XL:     10   Next: 36%
Magic:  15/15      EV:  2    Int:  8    God:    Makhleb [*.....]
Gold:   411        SH: 11    Dex: 10    Spells: 9/9 levels left

rFire    . . .     SeeInvis .   a - +0 war axe
rCold    . . .     Gourm    .   c - +0 shield
rNeg     + + +     Faith    .   (armour currently unavailable)
rPois    +         Spirit   .   (helmet currently unavailable)
rElec    .         Reflect  .   (cloak currently unavailable)
rCorr    .         Harm     .   (gloves currently unavailable)
MR       +....     NoTele   +   (boots currently unavailable)
Stlth    +.........             (no amulet)
HPRegen  0.32/turn              p - ring of protection from magic
MPRegen  0.14/turn              (no ring)

@: tree-form
A: no striking features
a: Renounce Religion


You were on level 8 of the Dungeon.
You worshipped Makhleb.
Makhleb was aware of your devotion.
You were not hungry.
You were a tree.
You visited 2 branches of the dungeon, and saw 10 of its levels.
You also visited: Sewer.

You collected 411 gold pieces.

Inventory:

Hand Weapons
 a - a +0 war axe (weapon)
 t - a +0 hunting sling
 E - a +3 battleaxe
Missiles
 q - 22 bolts
Armour
 c - a +0 shield (worn)
 j - a scarf of cloud immunity (melded)
 n - a +0 helmet (melded)
 w - a +0 plate armour (melded)
 C - a +2 pair of gloves (melded)
Jewellery
 m - an uncursed amulet of the acrobat {unknown}
 p - a ring of protection from magic (left branch)
 z - an uncursed ring of see invisible {unknown}
Wands
 v - a wand of enslavement (9)
 D - a wand of flame (8)
Scrolls
 g - 3 scrolls of blinking
 i - 4 scrolls of magic mapping
 l - 3 scrolls of identify
 r - a scroll of immolation {unknown}
 s - 4 scrolls of remove curse
 u - a scroll of enchant weapon
 y - 2 scrolls of fog
 A - 2 scrolls of fear {unknown}
Potions
 b - 3 potions of berserk rage {unknown}
 d - 3 potions of might
 e - a potion of lignification
 h - 2 potions of curing
 k - a potion of ambrosia {unknown}
 o - 4 potions of flight
 x - a potion of brilliance {unknown}
 B - a potion of mutation {unknown}
Comestibles
 f - 19 rations
 F - 7 chunks of flesh


   Skills:
 + Level 9.1 Fighting
 * Level 12.6 Axes
 - Level 3.2 Armour
 + Level 8.3 Shields
 + Level 6.8 Invocations


You had 9 spell levels left.
You didn't know any spells.
Your spell library contained the following spells:

 Spells                   Type           Power        Failure   Level  Hunger
 Flame Tongue             Conj/Fire      #....        71%         1    ##.....
 Poisonous Vapours        Pois/Air       #.....       83%         2    ###....
 Throw Flame              Conj/Fire      #.....       83%         2    ###....
 Conjure Flame            Conj/Fire      #.......     97%         3    ####...
 Inner Flame              Hex/Fire       #.......     97%         3    ####...
 Mephitic Cloud           Conj/Pois/Air  #.......     97%         3    ####...
 Ice Form                 Ice/Tmut       #.......     100%        4    #####..
 Sticky Flame             Conj/Fire      #.......     100%        4    #####..
 Fireball                 Conj/Fire      #.........   100%        5    ######.
 Metabolic Englaciation   Hex/Ice        #.........   100%        5    ######.
 Bolt of Cold             Conj/Ice       #.........   100%        6    #######
 Freezing Cloud           Conj/Ice/Air   #.........   100%        6    #######
 Ozocubu's Refrigeration  Ice            #.........   100%        6    #######
 Simulacrum               Ice/Necr       #.........   100%        6    #######
 Ring of Flames           Chrm/Fire      #.........   100%        7    #######


Dungeon Overview and Level Annotations

Branches:
Dungeon (9/15)             Temple (1/1) D:5
   Lair: D:8-11         Orc: D:9-12

Altars:
Ashenzari
Cheibriados
Dithmenos
Elyvilon
Fedhas
Gozag
Hepliaklqana
Kikubaaqudgha
Makhleb
Nemelex Xobeh
Okawaru
Qazlal
Ru
Sif Muna
Trog
Uskayaw
Wu Jian
Xom
Yredelemnul
Zin
The Shining One

Shops:
D:7 :

Annotations:
D:8 5 transporters


Message History

* * * LOW HITPOINT WARNING * * *
You barely miss the death yak.
The death yak is severely wounded.
The death yak gores you but does no damage.
You hit the death yak but do no damage.
The death yak is severely wounded.
You block the death yak's attack.
You hit the death yak.
The death yak is almost dead.
You block the death yak's attack.
You barely miss the death yak.
The death yak is almost dead.
You block the death yak's attack.
You hit the death yak.
The death yak is almost dead.
The death yak gores you but does no damage.
You hit the death yak but do no damage.
The death yak is almost dead.
The death yak gores you!
You die...

#.# #.# #.# #.# #.#
#.######## #.#
#........##
#.#############..#.>..
#.##............#....#
#.....#########.##...>
####Y.# ##....... #.♣#
##..#####. #..#
#..##...## #..#
#.##.?..5© ##.#
#.#....5.. #.#
#.#.[..5#. #.#
#.#....##. #.#
####.##o©...# #.#
#.....#...... #.#
#.#...#c©...#


You could see a death yak.

Vanquished Creatures
  A two-headed ogre (D:8)
  A troll (D:9)
  A yak (D:7)
  3 hogs (D:7)
  A human (D:7)
  Edmund (D:6)
  3 ice beasts
  An orc warrior (D:7)
  2 phantoms
  4 ogres
  3 centaurs (D:5)
  4 bullfrogs
  A scorpion (D:8)
  A water moccasin skeleton (D:8)
  5 wights (D:8)
  5 howler monkeys (D:7)
  2 crimson imps (D:5)
  A jelly (D:8)
  An orc priest (D:7)
  Crazy Yiuf (D:2)
  A hound (D:6)
  3 orc wizards
  A bullfrog skeleton (D:5)
  A centaur skeleton (D:6)
  An iguana (D:7)
  5 worker ants
  12 gnolls
  10 adders
  2 shadow imps (D:6)
  11 oozes
  An adder zombie (D:6)
  An adder skeleton (D:5)
  5 worms
  A dart slug (D:3)
  15 leopard geckos
  20 orcs
  11 ball pythons
  11 giant cockroaches
  5 goblins
  3 hobgoblins (D:1)
  6 jackals
  3 kobolds
  3 quokkas
  4 bats
  16 frilled lizards
  A quokka skeleton (D:5)
  2 quokka zombies (D:5)
  12 rats
209 creatures vanquished.

Notes
Turn   | Place    | Note
-------+----------+-------------------------------------------
     0 | D:1      | Mrkan the Hill Orc Fighter began the quest for the Orb.
     0 | D:1      | Reached XP level 1. HP: 19/19 MP: 1/1
   185 | D:1      | Found a glowing golden altar of the Shining One.
   433 | D:1      | Reached skill level 3 in Axes
   441 | D:1      | Reached XP level 2. HP: 18/27 MP: 2/2
  1198 | D:2      | Reached XP level 3. HP: 32/33 MP: 3/3
  1279 | D:2      | Reached skill level 4 in Axes
  1355 | D:2      | Reached XP level 4. HP: 32/40 MP: 4/4
  1474 | D:2      | Found a runed translucent door.
  1475 | D:2      | Noticed Crazy Yiuf
  1486 | D:2      | Killed Crazy Yiuf
  1671 | D:3      | Reached skill level 5 in Axes
  1671 | D:3      | Reached XP level 5. HP: 43/47 MP: 5/5
  1737 | D:3      | Noticed a phantom
  1792 | D:3      | Killed a phantom
  1825 | D:3      | Reached XP level 6. HP: 41/55 MP: 6/6
  1983 | D:3      | Reached skill level 5 in Fighting
  1983 | D:3      | Reached skill level 6 in Axes
  2442 | D:4      | Noticed a phantom
  2461 | D:4      | Killed a phantom
  2461 | D:4      | Reached skill level 5 in Shields
  2625 | D:4      | Reached skill level 7 in Axes
  2625 | D:4      | Reached XP level 7. HP: 59/61 MP: 7/7
  2941 | D:5      | Entered Level 5 of the Dungeon
  3018 | D:5      | Found a glowing drain.
  3023 | Sewer    | Entered a sewer
  3105 | Sewer    | Reached skill level 8 in Axes
  3328 | Sewer    | Reached XP level 8. HP: 40/71 MP: 8/8
  3431 | D:5      | Found a staircase to the Ecumenical Temple.
  3445 | Temple   | Entered the Ecumenical Temple
  3531 | Temple   | Became a worshipper of Makhleb the Destroyer
  3719 | D:5      | Reached skill level 1 in Invocations
  3763 | D:5      | Reached skill level 9 in Axes
  4638 | D:5      | Found a snail-covered altar of Cheibriados.
  4639 | D:5      | Found a shimmering altar of Xom.
  4639 | D:5      | Found a glowing golden altar of the Shining One.
  4655 | D:6      | Reached skill level 10 in Axes
  4667 | D:6      | Noticed Edmund
  4675 | D:6      | Reached XP level 9. HP: 60/79 MP: 11/11
  4683 | D:6      | Killed Edmund
  4953 | D:6      | Reached * piety under Makhleb
  5669 | D:7      | Found Oguejohaunk's Book Shoppe.
  5875 | D:7      | Reached skill level 11 in Axes
  5903 | D:7      | Reached skill level 5 in Invocations
  6288 | D:8      | Found a transporter.
  6294 | D:8      | Noticed a komodo dragon
  6298 | D:8      | Noticed a wolf spider
  6301 | D:8      | Found a transporter.
  6302 | D:8      | Noticed a kobold demonologist
  6312 | D:8      | Found a transporter.
  6342 | D:8      | Noticed a two-headed ogre
  6350 | D:8      | Killed a two-headed ogre
  6350 | D:8      | Reached skill level 12 in Axes
  6350 | D:8      | Reached XP level 10. HP: 58/90 MP: 14/14
  6559 | D:8      | Found a transporter.
  6610 | D:8      | Found a transporter.
  7017 | D:9      | Noticed a death yak
  7017 | D:9      | Noticed a death yak
  7049 | D:8      | HP: 5/136 [death yak (12)]
  7055 | D:8      | Slain by a death yak

Levels and vault maps discovered:
D:1:      dpeg_arrival_circle_labyrinth_c, layout_basic, tso_metal_star
D:2:      layout_basic, uniq_crazy_yiuf_cottage
D:3:      layout_loops_ring, serial_glass, glass_columns_a, glass_columns_b
D:4:      layout_cave_pools, first_ration
D:5:      layout_basic, gammafunk_temple_overflow_claw, temple_fountains,
          lightli_sewer_entry_pipes
D:6:      layout_cave_pools, serial_bayou_pond_c, uniq_edmund
D:7:      layout_cave_pods, serial_shops, shop, grunt_livestock
D:8:      gammafunk_the_bubble [the_bubble_gammafunk_roulette],
          layout_loops_ring, serial_bayou_pond_d
D:9:      layout_gridville, lemuel_doored_altar, dpeg_lair_monsters, david_orc_2
Temple:   dpeg_five_rooms_temple

Skill      XL: |  1  2  3  4  5  6  7  8  9 10 |
---------------+-------------------------------+-----
Axes           | 3 4 5 7 8 10 12 | 12.6
Fighting       | 4 5 6 7 8 9 |  9.1
Shields        | 4 5 6 8 |  8.3
Invocations    | 3 6 |  6.8
Armour         | |  3.2

Action                   |  1- 3 |  4- 6 |  7- 9 | 10-12 || total
-------------------------+-------+-------+-------+-------++-------
Melee: War axe           |    58 |   168 |   436 |    85 ||   747
  Use: Scroll            |       |       |    11 |       ||    11
       Potion            |       |       |     2 |     3 ||     5
  Eat: Chunk             |     1 |     5 |     9 |     3 ||    18
       Ration            |       |       |     1 |       ||     1
Armor: Scale mail        |    41 |    62 |   137 |       ||   240
       Chain mail        |       |       |    39 |       ||    39
       Plate armour      |       |       |    18 |    21 ||    39
       Skin              |       |       |       |     3 ||     3
Dodge: Dodged            |    13 |    49 |   116 |     3 ||   181
Block: Shield            |    34 |    78 |   251 |    41 ||   404

Table legend:
 A = Non-vault XP
 B = Vault XP
 C = Vault XP percentage of total XP
 D = Non-vault monster count
 E = Vault monster count
 F = Vault count percentage of total count
                 A         B        C        D         E       F
            +---------+---------+-------+---------+---------+-------
      Total |    4798 |    1510 |  23.9 |     151 |      58 |  27.8
            +---------+---------+-------+---------+---------+-------
        D:1 |      23 |       0 |   0.0 |      14 |       0 |   0.0
        D:2 |      87 |      40 |  31.5 |      19 |       1 |   5.0
        D:3 |     278 |       0 |   0.0 |      31 |       0 |   0.0
        D:4 |     358 |       0 |   0.0 |      12 |       0 |   0.0
        D:5 |     904 |       7 |   0.8 |      27 |       3 |  10.0
        D:6 |     382 |     157 |  29.1 |      12 |       1 |   7.7
        D:7 |     586 |     974 |  62.4 |      19 |       5 |  20.8
        D:8 |    1714 |       0 |   0.0 |      13 |       0 |   0.0
        D:9 |     339 |       0 |   0.0 |       3 |       0 |   0.0
     Temple |     127 |       0 |   0.0 |       1 |       0 |   0.0
      Sewer |       0 |     332 | 100.0 |       0 |      48 | 100.0
            +---------+---------+-------+---------+---------+-------
